 Dungeon Crawl Stone Soup version 0.19.1 (webtiles) character file.

1971 Ghalim the Basher (level 9, 0/59 HPs)
             Began as a Gargoyle Fighter on Jan 13, 2017.
             Was a Believer of Okawaru.
             Slain by an orc warrior
             ... wielding a +0 halberd
              (19 damage)
             ... on level 7 of the Dungeon.
             The game lasted 00:17:27 (6537 turns).

Ghalim the Basher (Gargoyle Fighter)                Turns: 6537, Time: 00:17:28

Health: 0/59       AC: 17    Str: 22    XL:     9   Next: 20%
Magic:  9/9        EV:  7    Int: 10    God:    Okawaru [**....]
Gold:   456        SH: 10    Dex:  9    Spells: 0 memorised, 8 levels left

rFire  + . .     SeeInvis .     j - +4 flail (holy)
rCold  . . .     Gourm    .     b - +0 scale mail
rNeg   + . .     Faith    .     c - +0 shield
rPois  ∞         Spirit   .     C - +0 helmet
rElec  +         Reflect  .     L - +1 cloak
rCorr  .         Harm     .     (no gloves)
MR     .....                    y - +0 pair of boots
Stlth  ..........               (no amulet)
                                (no ring)
                                (no ring)

@: no status effects
A: fire resistance 1, negative energy resistance 1, electricity resistance,
unbreathing, petrification resistance, rot immunity, AC +5
a: Heroism, Renounce Religion


You were on level 7 of the Dungeon.
You worshipped Okawaru.
Okawaru was pleased with you.
You were very hungry.

You visited 2 branches of the dungeon, and saw 8 of its levels.

You collected 456 gold pieces.

Inventory:

Hand Weapons
 j - a +4 flail of holy wrath (weapon)
Armour
 b - a +0 scale mail (worn)
 c - a +0 shield (worn)
 y - a +0 pair of boots (worn)
 C - a +0 helmet (worn)
 L - a +1 cloak (worn)
Jewellery
 h - an uncursed ring of wizardry {unknown}
 m - an uncursed amulet of magic regeneration {unknown}
 n - an uncursed ring of positive energy {unknown}
 x - a cursed ring of teleportation {unknown}
Scrolls
 e - 6 scrolls of identify
 g - 2 scrolls of teleportation
 k - a scroll of fear {unknown}
 l - a scroll of fog {unknown}
 v - 2 scrolls of blinking {unknown}
 A - a scroll of random uselessness {unknown}
 B - a scroll of enchant armour {unknown}
 H - a scroll of noise {unknown}
 I - a scroll of amnesia {unknown}
 M - 2 scrolls of magic mapping
Potions
 d - a potion of might
 i - a potion of cure mutation
 p - 3 potions of curing
 r - 2 potions of flight
 s - a potion of agility
 t - a potion of brilliance
 z - a potion of mutation
 G - a potion of haste
 K - a potion of invisibility {unknown}
Comestibles
 f - 7 bread rations
 o - a royal jelly
 q - 3 meat rations


   Skills:
 - Level 8.1 Fighting
 - Level 8.2 Maces & Flails
 + Level 5.2 Armour
 + Level 5.4 Shields


You had 8 spell levels left.
You didn't know any spells.

Dungeon Overview and Level Annotations

Branches:
Dungeon (7/15)             Temple (1/1) D:5

Altars:
Cheibriados
Dithmenos
Elyvilon
Fedhas
Gozag
Hepliaklqana
Okawaru
Qazlal
Sif Muna
Trog
Uskayaw
Zin


Innate Abilities, Weirdness & Mutations

You are resistant to torment.
Your stone body is resilient. (AC +5)
You are immune to poison.
You resist negative energy. (rN+)
You are resistant to electric shocks. (rElec)
You can survive without breathing.
You are immune to petrification.
You are immune to rotting.
Your flesh is heat resistant. (rF+)


Message History

The orc warrior barely misses you.
You hit the orc warrior.
The orc warrior is moderately wounded.
You block the orc wizard's attack.
You hit the orc warrior but do no damage.
The orc warrior is moderately wounded.
The orc warrior hits you with a halberd!!
The orc wizard begins to cast a cantrip, but forgets the words!
You hit the orc wizard.
The orc wizard is heavily wounded.
The orc warrior hits you but does no damage.
You block the orc wizard's attack.
You sock the orc wizard!
You kill the orc wizard!
Okawaru accepts your kill.
The orc warrior hits you with a halberd!
The orc wizard points at you and mumbles some strange words.
The magic dart hits you!
The orc warrior hits you with a halberd!!
You die...

#.......... ######## #..........
##.....<## #...>....<.
##........## #### #........o. #
#..........# #..###........o. #
#..........# #....##......... #
#..........# #.##.#.......... #
#..........#####.##.#..........
###).........##o@................
............###.##o##.#..........
####............##.............†.
# #....).....#####..####........#
# #..........# #...# #.......##
###..........# #..## ##.###.##
.............# ##..# #..##.#
.............# #..## ##.##.#
.#.#........####(.# #.##.#


You could see an orc warrior and an orc wizard.

Vanquished Creatures
  Edmund (D:4)
  Menkaure (D:4)
  Duvessa (D:5)
  3 ogres
  2 centaurs
  A big kobold (D:7)
  Dowan (D:5)
  3 scorpions
  3 crimson imps
  A bullfrog zombie (D:7)
  A jelly (D:6)
  2 orc priests
  2 gnoll shamans (D:6)
  5 hounds
  2 orc wizards
  A centaur skeleton (D:5)
  A worker ant (D:5)
  A hound skeleton (D:4)
  16 gnolls
  10 adders
  A shadow imp (D:6)
  An adder skeleton (D:4)
  2 worms (D:3)
  5 dart slugs
  7 leopard geckos
  8 orcs
  6 giant cockroaches
  8 goblins
  12 hobgoblins
  2 jackals (D:3)
  3 quokkas
  16 bats
  7 frilled lizards
  20 kobolds
  A quokka zombie (D:7)
  9 rats
166 creatures vanquished.

Notes
Turn   | Place    | Note
-------+----------+-------------------------------------------
     0 | D:1      | Ghalim the Gargoyle Fighter began the quest for the Orb.
     0 | D:1      | Reached XP level 1. HP: 14/14 MP: 1/1
   129 | D:1      | Reached XP level 2. HP: 13/20 MP: 2/2
   608 | D:1      | Reached XP level 3. HP: 23/24 MP: 3/3
  1127 | D:2      | Reached XP level 4. HP: 27/29 MP: 4/4
  1369 | D:2      | Found a hazy altar of Hepliaklqana.
  1369 | D:2      | Found a stormy altar of Qazlal.
  2217 | D:3      | Reached XP level 5. HP: 32/34 MP: 5/5
  3266 | D:4      | Found a hide-covered altar of Uskayaw.
  3269 | D:4      | Noticed a hand axe
  3269 | D:4      | Noticed Menkaure
  3270 | D:4      | Noticed a dagger
  3273 | D:4      | Killed Menkaure
  3273 | D:4      | Reached skill level 5 in Fighting
  3273 | D:4      | Reached skill level 5 in Maces & Flails
  3273 | D:4      | Reached XP level 6. HP: 40/40 MP: 6/6
  3340 | D:4      | Gained mutation: Your flesh is heat resistant. (rF+) [potion of beneficial mutation]
  3358 | D:4      | Noticed Edmund
  3380 | D:4      | Killed Edmund
  3380 | D:4      | Reached XP level 7. HP: 39/44 MP: 7/7
  3743 | D:5      | Entered Level 5 of the Dungeon
  3744 | D:5      | Found a staircase to the Ecumenical Temple.
  3816 | Temple   | Entered the Ecumenical Temple
  3826 | Temple   | Became a worshipper of Warmaster Okawaru
  3845 | D:5      | Found a shadowy altar of Dithmenos.
  4059 | D:5      | Noticed Duvessa
  4059 | D:5      | Noticed Dowan
  4152 | D:5      | Killed Duvessa
  4158 | D:5      | Killed Dowan
  4158 | D:5      | Reached XP level 8. HP: 34/52 MP: 8/8
  4332 | D:5      | Reached * piety under Okawaru
  4596 | D:6      | Found a snail-covered altar of Cheibriados.
  4607 | D:6      | Found a blossoming altar of Fedhas.
  4607 | D:6      | Found an opulent altar of Gozag.
  4607 | D:6      | Found a white marble altar of Elyvilon.
  4923 | D:6      | Found a blossoming altar of Fedhas.
  5163 | D:6      | Reached ** piety under Okawaru
  5323 | D:6      | Reached XP level 9. HP: 58/59 MP: 9/9
  6126 | D:7      | Reached skill level 5 in Shields
  6216 | D:7      | Reached skill level 5 in Armour
  6537 | D:7      | Slain by an orc warrior

Skill      XL: |  1  2  3  4  5  6  7  8  9 |
---------------+----------------------------+-----
Fighting       | 4 5 6 8 |  8.1
Maces & Flails | 3 4 5 6 7 8 |  8.2
Shields        | 4 5 |  5.4
Armour         | 4 5 |  5.2

Action                   |  1- 3 |  4- 6 |  7- 9 || total
-------------------------+-------+-------+-------++-------
Melee: Flail             |   187 |   262 |   235 ||   684
  Use: Scroll            |       |    10 |     5 ||    15
       Potion            |       |     1 |       ||     1
  Eat: Chunk             |     1 |     8 |     6 ||    15
       Beef jerky        |       |       |     2 ||     2
Armor: Scale mail        |   107 |   139 |   132 ||   378
Dodge: Dodged            |    79 |    73 |    61 ||   213
Block: Shield            |   113 |   156 |   113 ||   382
